PA
ATHLETIC CLUB KC U-21 @ MT. VERNON BULLS
07/20/2028
 
TOP OF THE 1ST
Athletic Club KC U-21 batting - Pitching for Mt. Vernon Bulls : RHP Clyde Pell
Pitching: RHP Clyde Pell
Batting: LHB Takayuki Yoshikawa 0-0: Ground out U3 (Groundball, 3L)
Batting: RHB Tasuku Goto 0-0: Called Strike
0-1: Fly out, F9 (Flyball, 9S)
Batting: LHB Wu-shun Chu 0-0: Called Strike
0-1: Ball
1-1: Ball
2-1: Foul Ball, location: 2F
2-2: Strikes out swinging
Top of the 1st over - 0 run(s), 0 hit(s), 0 error(s), 0 left on base; Athletic Club KC 0 - Mt. Vernon 0
BOTTOM OF THE 1ST
Mt. Vernon Bulls batting - Pitching for Athletic Club KC U-21 : LHP Hezekiah Grimsley
Pitching: LHP Hezekiah Grimsley
Batting: RHB Zhenya Worobtsoff 0-0: Called Strike
0-1: DOUBLE (Line Drive, 9LM)
Batting: RHB Tyler Utterback 0-0: Ball
1-0: SINGLE (Flyball, 9LS)
Zhenya Worobtsoff to third
Runner from 3rd tries for Home, SAFE, no throw
Batting: RHB Chet Mathis 0-0: Swinging Strike
0-1: Ball
1-1: Ball
2-1: Swinging Strike
2-2: Grounds out, U3 (Groundball, 3L)
Batting: RHB Dixon Snyder 0-0: Swinging Strike
0-1: Ball
1-1: Swinging Strike
1-2: Ball
2-2: Ball
3-2: Strikes out swinging
Batting: RHB Orlando Montejo 0-0: Called Strike
0-1: Ball
1-1: Swinging Strike
1-2: DOUBLE (Line Drive, 7LM)
Tyler Utterback scores
Batting: SHB Vernon T. Waldrip 0-0: Called Strike
0-1: Fly out, F9 (Flyball, 9LD)
Bottom of the 1st over - 2 run(s), 3 hit(s), 0 error(s), 1 left on base; Athletic Club KC 0 - Mt. Vernon 2
TOP OF THE 2ND
Athletic Club KC U-21 batting - Pitching for Mt. Vernon Bulls : RHP Clyde Pell
Batting: RHB Colin Bottone 0-0: Ball
1-0: Ball
2-0: Called Strike
2-1: Called Strike
2-2: Foul Ball, location: 2F
2-2: Strikes out swinging
Batting: LHB Chi-hun Chong 0-0: Ball
1-0: Ball
2-0: Called Strike
2-1: SINGLE (Line Drive, 6MD)
Batting: RHB Roberto Romero 0-0: Ball
1-0: SINGLE (Groundball, 56D)
Chi-hun Chong to second
Batting: RHB Troy Whitehurst 0-0: Called Strike
0-1: Ball
1-1: Fly out, F9 (Line Drive, 9S)
Batting: RHB Dewey Nauss 0-0: Ball
1-0: Called Strike
1-1: Foul Ball, location: 2F
1-2: Foul Ball, location: 2F
1-2: Ground out 5-3 (Groundball, 56S)
Top of the 2nd over - 0 run(s), 2 hit(s), 0 error(s), 2 left on base; Athletic Club KC 0 - Mt. Vernon 2
BOTTOM OF THE 2ND
Mt. Vernon Bulls batting - Pitching for Athletic Club KC U-21 : LHP Hezekiah Grimsley
Batting: SHB Tom Chagolla 0-0: Called Strike
0-1: Foul Ball, location: 2F
0-2: Ball
1-2: Strikes out swinging
Batting: RHB Renato Lavado 0-0: Ground out U3 (Groundball, 34)
Batting: SHB Toby Sutton 0-0: Foul Ball, location: 2F
0-1: Swinging Strike
0-2: Ball
1-2: Foul Ball, location: 2F
1-2: Ball
2-2: Strikes out swinging
Bottom of the 2nd over - 0 run(s), 0 hit(s), 0 error(s), 0 left on base; Athletic Club KC 0 - Mt. Vernon 2
TOP OF THE 3RD
Athletic Club KC U-21 batting - Pitching for Mt. Vernon Bulls : RHP Clyde Pell
Batting: RHB Tae-kyun Chon 0-0: Foul Ball, location: 2F
0-1: Ball
1-1: Foul Ball, location: 2F
1-2: Ground out 1-3 (Groundball, 13)
Batting: LHB Takayuki Yoshikawa 0-0: Swinging Strike
0-1: Swinging Strike
0-2: Fly out, F7 (Line Drive, 7)
Batting: RHB Tasuku Goto 0-0: SINGLE (Flyball, 8LS)
Batting: LHB Wu-shun Chu 0-0: Ball
Tasuku Goto steals 2nd base
1-0: Foul Ball, location: 2F
1-1: SINGLE (Line Drive, 4MD)
Tasuku Goto to third
Runner from 3rd tries for Home, SAFE, no throw
Batting: RHB Colin Bottone 0-0: Ball
1-0: Called Strike
1-1: Foul Ball, location: 2F
1-2: Strikes out swinging
Top of the 3rd over - 1 run(s), 2 hit(s), 0 error(s), 1 left on base; Athletic Club KC 1 - Mt. Vernon 2
BOTTOM OF THE 3RD
Mt. Vernon Bulls batting - Pitching for Athletic Club KC U-21 : LHP Hezekiah Grimsley
Batting: RHB Zhenya Worobtsoff 0-0: Called Strike
0-1: Ground out 6-3 (Groundball, 6)
Batting: RHB Tyler Utterback 0-0: Ball
1-0: Swinging Strike
1-1: DOUBLE (Flyball, 8RM)
Batting: RHB Chet Mathis 0-0: Called Strike
0-1: Ball
1-1: Swinging Strike
1-2: Foul Ball, location: 2F
1-2: Hit by Pitch
Batting: RHB Dixon Snyder 0-0: Ball
1-0: SINGLE (Line Drive, 4MD)
Tyler Utterback to third
Chet Mathis to second
Batting: RHB Orlando Montejo 0-0: Ball
1-0: Called Strike
1-1: Swinging Strike
1-2: Strikes out swinging
Batting: SHB Vernon T. Waldrip 0-0: Ball
1-0: Foul Ball, location: 2F
1-1: Ball
2-1: Ball
3-1: Foul Ball, location: 2F
3-2: Foul Ball, location: 2F
3-2: Strikes out swinging
Bottom of the 3rd over - 0 run(s), 2 hit(s), 0 error(s), 3 left on base; Athletic Club KC 1 - Mt. Vernon 2
TOP OF THE 4TH
Athletic Club KC U-21 batting - Pitching for Mt. Vernon Bulls : RHP Clyde Pell
Batting: LHB Chi-hun Chong 0-0: Ball
1-0: Ball
2-0: Ball
3-0: Called Strike
3-1: SINGLE (Line Drive, 8RS)
Batting: RHB Roberto Romero 0-0: Ball
1-0: Fielders Choice at 2nd, 6-4 (Groundball, 56)
Batting: RHB Troy Whitehurst 0-0: Called Strike
0-1: Called Strike
0-2: Ball
Roberto Romero steals 2nd base
1-2: Ball
2-2: Fly out, F3 (Popup, 3L)
Batting: RHB Dewey Nauss 0-0: Ball
1-0: Ball
2-0: Foul Ball, location: 2F
2-1: Swinging Strike
2-2: Foul Ball, location: 2F
2-2: Strikes out swinging
Top of the 4th over - 0 run(s), 1 hit(s), 0 error(s), 1 left on base; Athletic Club KC 1 - Mt. Vernon 2
BOTTOM OF THE 4TH
Mt. Vernon Bulls batting - Pitching for Athletic Club KC U-21 : LHP Hezekiah Grimsley
Batting: SHB Tom Chagolla 0-0: Called Strike
0-1: Foul Ball, location: 2F
0-2: Strikes out swinging
Batting: RHB Renato Lavado 0-0: Ball
1-0: Ball
2-0: Called Strike
2-1: Swinging Strike
2-2: SINGLE (Groundball, 6MD)
Batting: SHB Toby Sutton 0-0: Ball
1-0: Foul Ball, location: 2F
1-1: Ball
2-1: Ground out 5-3 (Groundball, 5S)
Renato Lavado to second
Batting: RHB Zhenya Worobtsoff 0-0: Foul Ball, location: 2F
0-1: Ball
Wild Pitch!
Renato Lavado to third
1-1: Ball
2-1: Ball
3-1: Foul Ball, location: 2F
3-2: Base on Balls
Batting: RHB Tyler Utterback 0-0: Ball
1-0: Ball
2-0: Ball
3-0: Base on Balls
Zhenya Worobtsoff to second
Batting: RHB Chet Mathis 0-0: Ball
1-0: Fly out, F8 (Flyball, 8LM)
Bottom of the 4th over - 0 run(s), 1 hit(s), 0 error(s), 3 left on base; Athletic Club KC 1 - Mt. Vernon 2
TOP OF THE 5TH
Athletic Club KC U-21 batting - Pitching for Mt. Vernon Bulls : RHP Clyde Pell
Batting: RHB Tae-kyun Chon 0-0: Ball
1-0: Ball
2-0: Ball
3-0: Base on Balls
Batting: LHB Takayuki Yoshikawa 0-0: Ball
1-0: Bunted foul
1-1: Ball
Tae-kyun Chon steals 2nd base
2-1: Bunted foul
2-2: Foul Ball, location: 2F
2-2: SINGLE (Groundball, 4S) (infield hit)
Tae-kyun Chon to third
Batting: RHB Tasuku Goto 0-0: Ball
1-0: Foul Ball, location: 2F
1-1: Ball
2-1: Ball
3-1: Foul Ball, location: 2F
3-2: Fly out, F9 (Flyball, 89S)
Runner from 3rd tags up, SCORES, throw made
Batting: LHB Wu-shun Chu 0-0: Ball
1-0: Ground out 6-3 (Groundball, 56D)
Takayuki Yoshikawa to second
Batting: RHB Colin Bottone 0-0: Foul Ball, location: 2F
0-1: Ball
1-1: Ball
2-1: Ball
3-1: SINGLE (Line Drive, 6M)
Takayuki Yoshikawa to third
Runner from 3rd tries for Home, SAFE, no throw
Batting: LHB Chi-hun Chong 0-0: Ball
1-0: SINGLE (Groundball, 56D)
Colin Bottone to second
Batting: RHB Roberto Romero 0-0: Ball
1-0: Ball
2-0: Fly out, F9 (Line Drive, 9S)
Top of the 5th over - 2 run(s), 3 hit(s), 0 error(s), 2 left on base; Athletic Club KC 3 - Mt. Vernon 2
BOTTOM OF THE 5TH
Mt. Vernon Bulls batting - Pitching for Athletic Club KC U-21 : LHP Hezekiah Grimsley
Batting: RHB Dixon Snyder 0-0: Ball
1-0: Called Strike
1-1: Swinging Strike
1-2: Strikes out swinging
Batting: RHB Orlando Montejo 0-0: Called Strike
0-1: DOUBLE (Line Drive, 9LM)
Batting: SHB Vernon T. Waldrip 0-0: Ball
1-0: Fly out, F4 (Popup, 4)
Batting: SHB Tom Chagolla 0-0: Ball
1-0: Called Strike
1-1: Foul Ball, location: 2F
1-2: Strikes out swinging
Bottom of the 5th over - 0 run(s), 1 hit(s), 0 error(s), 1 left on base; Athletic Club KC 3 - Mt. Vernon 2
TOP OF THE 6TH
Athletic Club KC U-21 batting - Pitching for Mt. Vernon Bulls : RHP Clyde Pell
Batting: RHB Troy Whitehurst 0-0: Called Strike
0-1: SINGLE (Line Drive, 34)
Batting: RHB Dewey Nauss 0-0: Ball
1-0: Foul Ball, location: 2F
1-1: Sac Bunt - play at second, runner OUT -> throw to first, DP!
Batting: RHB Tae-kyun Chon 0-0: Ball
1-0: Ball
2-0: Ball
3-0: Base on Balls
Pitching: LHP Carlos Núñez
Batting: LHB Takayuki Yoshikawa 0-0: Ball
1-0: Ball
2-0: Ball
3-0: Called Strike
3-1: Foul Ball, location: 2F
3-2: Strikes out swinging
Top of the 6th over - 0 run(s), 1 hit(s), 0 error(s), 1 left on base; Athletic Club KC 3 - Mt. Vernon 2
BOTTOM OF THE 6TH
Mt. Vernon Bulls batting - Pitching for Athletic Club KC U-21 : LHP Hezekiah Grimsley
Batting: RHB Renato Lavado 0-0: Swinging Strike
0-1: Foul Ball, location: 2F
0-2: Foul Ball, location: 2F
0-2: Ball
1-2: Strikes out looking
Batting: SHB Toby Sutton 0-0: Called Strike
0-1: Ball
1-1: Ground out 5-3 (Groundball, 56)
Batting: RHB Zhenya Worobtsoff 0-0: SINGLE (Groundball, 56D)
Batting: RHB Tyler Utterback 0-0: Ball
1-0: Called Strike
1-1: Ball
2-1: Foul Ball, location: 2F
2-2: Strikes out looking
Bottom of the 6th over - 0 run(s), 1 hit(s), 0 error(s), 1 left on base; Athletic Club KC 3 - Mt. Vernon 2
TOP OF THE 7TH
Athletic Club KC U-21 batting - Pitching for Mt. Vernon Bulls : LHP Carlos Núñez
Batting: RHB Tasuku Goto 0-0: Called Strike
0-1: Ground out 6-3 (Groundball, 6S)
Batting: LHB Wu-shun Chu 0-0: Ball
1-0: Foul Ball, location: 2F
1-1: Called Strike
1-2: Strikes out looking
Batting: RHB Colin Bottone 0-0: Foul Ball, location: 2F
0-1: Foul Ball, location: 2F
0-2: Reached on error, E9 (Flyball, 89M)
Pinch Hitting: RHB Arturo Annunziato 0-0: Foul Ball, location: 2F
0-1: Ball
1-1: Ball
2-1: Swinging Strike
2-2: Ball
3-2: Strikes out swinging
Top of the 7th over - 0 run(s), 0 hit(s), 1 error(s), 1 left on base; Athletic Club KC 3 - Mt. Vernon 2
BOTTOM OF THE 7TH
Mt. Vernon Bulls batting - Pitching for Athletic Club KC U-21 : LHP Hezekiah Grimsley
Now in RF: Arturo Annunziato
Batting: RHB Chet Mathis 0-0: Foul Ball, location: 2F
0-1: Ball
1-1: Called Strike
1-2: Ball
2-2: SINGLE (Line Drive, 4D)
Batting: RHB Dixon Snyder 0-0: Called Strike
0-1: Ball
1-1: Ball
2-1: Foul Ball, location: 2F
2-2: Grounds into double play, 5-4-3 (Groundball, 56)
Batting: RHB Orlando Montejo 0-0: Ball
1-0: Swinging Strike
1-1: Ball
2-1: Called Strike
2-2: Strikes out swinging
Bottom of the 7th over - 0 run(s), 1 hit(s), 0 error(s), 0 left on base; Athletic Club KC 3 - Mt. Vernon 2
TOP OF THE 8TH
Athletic Club KC U-21 batting - Pitching for Mt. Vernon Bulls : LHP Carlos Núñez
Batting: RHB Roberto Romero 0-0: Reached on error, E4 (Groundball, 4)
Batting: RHB Troy Whitehurst 0-0: Intentional Walk
Batting: RHB Dewey Nauss 0-0: Called Strike
0-1: Swinging Strike
0-2: Ball
1-2: Ground out 6-3 (Groundball, 6S)
Roberto Romero to third
Troy Whitehurst to second
Batting: RHB Tae-kyun Chon 0-0: Called Strike
0-1: Ball
1-1: Called Strike
1-2: Strikes out swinging
Batting: LHB Takayuki Yoshikawa 0-0: Ball
1-0: Foul Ball, location: 2F
1-1: Called Strike
1-2: Foul Ball, location: 2F
1-2: Ground out 6-3 (Groundball, 6)
Top of the 8th over - 0 run(s), 0 hit(s), 1 error(s), 2 left on base; Athletic Club KC 3 - Mt. Vernon 2
BOTTOM OF THE 8TH
Mt. Vernon Bulls batting - Pitching for Athletic Club KC U-21 : LHP Hezekiah Grimsley
Pitching: RHP Ánibal Acejedo
Batting: SHB Vernon T. Waldrip 0-0: Ball
1-0: Foul Ball, location: 2F
1-1: Called Strike
1-2: Strikes out swinging
Pitching: RHP Andrés Martínez
Batting: SHB Tom Chagolla 0-0: Called Strike
0-1: Foul Ball, location: 2F
0-2: Strikes out swinging
Batting: RHB Renato Lavado 0-0: Foul Ball, location: 2F
0-1: Called Strike
0-2: Strikes out looking
Bottom of the 8th over - 0 run(s), 0 hit(s), 0 error(s), 0 left on base; Athletic Club KC 3 - Mt. Vernon 2
TOP OF THE 9TH
Athletic Club KC U-21 batting - Pitching for Mt. Vernon Bulls : LHP Carlos Núñez
Pitching: RHP Jeffery Prosser
Batting: RHB Tasuku Goto 0-0: DOUBLE (Groundball, 5L)
Batting: LHB Wu-shun Chu 0-0: Intentional Walk
Batting: RHB Colin Bottone 0-0: Called Strike
0-1: SINGLE (Flyball, 8LS)
Tasuku Goto to third
Wu-shun Chu to second
Runner from 3rd tries for Home, SAFE, no throw
Batting: RHB Arturo Annunziato 0-0: Ball
1-0: Ball
2-0: Called Strike
2-1: Ball
3-1: Swinging Strike
3-2: Strikes out looking
Batting: RHB Roberto Romero 0-0: Ball
Wu-shun Chu steals 3rd base
Colin Bottone to second
1-0: Ball
2-0: Ground out U3 (Groundball, 3)
Batting: RHB Troy Whitehurst 0-0: Intentional Walk
Pinch Hitting: SHB Ijsbrand van Hoogewegen 0-0: Ball
1-0: Ball
2-0: Called Strike
2-1: Ball
3-1: Called Strike
3-2: Strikes out swinging
Top of the 9th over - 1 run(s), 2 hit(s), 0 error(s), 3 left on base; Athletic Club KC 4 - Mt. Vernon 2
BOTTOM OF THE 9TH
Mt. Vernon Bulls batting - Pitching for Athletic Club KC U-21 : RHP Andrés Martínez
Pitching: RHP Kamisese Alohinani
Now at C: Miguel Rodríguez
Batting: SHB Toby Sutton 0-0: Ground out 4-3 (Groundball, 34)
Batting: RHB Zhenya Worobtsoff 0-0: Fly out, F9 (Flyball, 9LM)
Batting: RHB Tyler Utterback 0-0: Called Strike
0-1: Foul Ball, location: 2F
0-2: Ground out 5-3 (Groundball, 5S)
Bottom of the 9th over - 0 run(s), 0 hit(s), 0 error(s), 0 left on base; Athletic Club KC 4 - Mt. Vernon 2
Wednesday, August 16th, 2017 - OOTP Baseball 17.12 Build 75